 Dungeon Crawl Stone Soup version 0.24-a0-170-gd8427f5 (webtiles) character file.

Game seed: 10607443655310298248

107 Dfrag the Grave Robber (level 4, 0/36 HPs)
             Began as a Deep Dwarf Necromancer on Mar 9, 2019.
             Slain by Natasha (6 damage)
             ... on level 2 of the Dungeon.
             The game lasted 00:02:27 (1549 turns).

Dfrag the Grave Robber (Deep Dwarf Necromancer)     Turns: 1549, Time: 00:02:27

Health: 0/36       AC:  2    Str: 12    XL:     4   Next: 56%
Magic:  1/9        EV: 12    Int: 16    God:
Gold:   115        SH:  0    Dex: 13    Spells: 6/10 levels left

rFire    . . .     SeeInvis .   l - +3 flail
rCold    . . .     Gourm    .   (no shield)
rNeg     . . .     Faith    .   a - +0 robe
rPois    .         Spirit   .   (no helmet)
rElec    .         Reflect  .   (no cloak)
rCorr    .         Harm     .   (no gloves)
MR       .....                  (no boots)
Stlth    ++........             (no amulet)
HPRegen  0.00/turn              (no ring)
MPRegen  0.11/turn              (no ring)

@: very slightly contaminated, non-regenerating
A: damage resistance, heal wounds, sense surroundings 1, no regeneration
a: Heal Wounds


You were on level 2 of the Dungeon.
You were hungry.

You visited 1 branch of the dungeon, and saw 2 of its levels.

You collected 115 gold pieces.

Inventory:

Hand Weapons
 l - a +3 flail (weapon)
Armour
 a - a +0 robe (worn)
Scrolls
 b - 2 scrolls of amnesia {unknown}
 e - 3 scrolls of identify {unknown}
 f - a scroll of noise {unknown}
 h - 2 scrolls of remove curse {unknown}
 i - 2 scrolls of enchant weapon {unknown}
 j - 2 scrolls of immolation {unknown}
 k - a scroll of random uselessness {unknown}
 m - 3 scrolls of teleportation {unknown}
 q - a scroll of magic mapping {unknown}
Potions
 d - a potion of degeneration {unknown}
 g - a potion of flight {unknown}
 n - a potion of lignification {unknown}
 p - 2 potions of agility {unknown}
Comestibles
 c - 4 rations


   Skills:
 - Level 2.1 Dodging
 - Level 2.4 Stealth
 * Level 3.5 Spellcasting
 + Level 5.2 Necromancy


You had 6 spell levels left.
You knew the following spells:

 Your Spells              Type           Power        Failure   Level  Hunger
a - Pain                  Necr           ###.         1%          1    None
b - Vampiric Draining     Necr           ###.......   6%          3    ###....

Your spell library contained the following spells:

 Spells                   Type           Power        Failure   Level  Hunger
 Animate Skeleton         Necr           N/A          1%          1    None
 Animate Dead             Necr           N/A          21%         4    ####...
 Regeneration             Chrm/Necr      Unusable     N/A         3    N/A

Dungeon Overview and Level Annotations

Branches:
Dungeon (2/15)

Altars:
Fedhas

Annotations:
D:2 Natasha


Innate Abilities, Weirdness & Mutations

You are resistant to damage.
You can heal yourself by infusing magical energy.
You passively map a small area around you.
You do not regenerate.


Message History

Natasha barely misses you.
Unknown command.
You hit Natasha.
Natasha is almost dead.
Natasha extends her claws.
Natasha barely misses you. Natasha claws you.
You barely miss Natasha.
Natasha is almost dead.
Natasha stares at you and mumbles some strange words.
The magic dart hits you.
You closely miss Natasha.
Natasha is almost dead.
Natasha claws you.
* * * LOW HITPOINT WARNING * * *
Natasha claws you.
* * * LOW HITPOINT WARNING * * *
You closely miss Natasha.
Natasha is almost dead.
Natasha claws you!
You die...

######### #........
########.####### #......#.#
###############.####.#.#######
#...........................>.
#.######......#.####.#.#####.#
#.# #.####.#.# #.#.# #.# #.# #.#
#@#.# #...# #.# #.# #.# #h#.#
#########.# #.# #.#
#5#.#########..... #)# #.#
#.#............... #.# #<#
#.##########.....# #.#
######.................
####.########......########.###.#
............+......'.........##.#
####.########......#.#.......##.#


You could see Natasha and a crimson imp.

Vanquished Creatures
  Terence (D:2)
  Natasha (D:2)
  An adder (D:2)
  An ooze (D:2)
  A dart slug (D:1)
  4 leopard geckos
  2 giant cockroaches
  4 goblins (D:1)
  5 hobgoblins
  7 bats (D:1)
  5 kobolds
  7 rats
39 creatures vanquished.

Notes
Turn   | Place    | Note
-------+----------+-------------------------------------------
     0 | D:1      | Dfrag the Deep Dwarf Necromancer began the quest for the
                  | Orb.
     0 | D:1      | Reached XP level 1. HP: 15/15 MP: 3/3
    10 | D:1      | Noticed an electric eel
   200 | D:1      | Reached XP level 2. HP: 10/22 MP: 0/5
   582 | D:1      | Reached XP level 3. HP: 28/28 MP: 0/6
   587 | D:1      | Learned a level 3 spell: Vampiric Draining
  1027 | D:2      | Noticed Terence
  1068 | D:2      | Killed Terence
  1068 | D:2      | Reached skill level 5 in Necromancy
  1129 | D:2      | Reached XP level 4. HP: 22/36 MP: 0/8
  1203 | D:2      | Noticed Natasha
  1269 | D:2      | Killed Natasha
  1405 | D:2      | Found a blossoming altar of Fedhas.
  1530 | D:2      | Noticed Natasha
  1549 | D:2      | Slain by Natasha

Levels and vault maps discovered:
D:1:      arrival_aquarium_a, layout_basic
D:2:      layout_basic, minivault_14, fedhas_altar_4, uniq_natasha, uniq_terence

Skill      XL: |  1  2  3 |
---------------+----------+-----
Spellcasting   | 2 3 |  3.5
Necromancy     | 5 |  5.2
Dodging        | |  2.1
Stealth        | |  2.4

Action                   |  1- 3 |  4- 6 || total
-------------------------+-------+-------++-------
Melee: Unarmed           |    15 |       ||    15
       Flail             |     4 |     9 ||    13
 Cast: Pain              |    61 |     3 ||    64
       Vampiric Draining |     1 |     8 ||     9
 Abil: Heal Wounds       |     1 |       ||     1
  Eat: Chunk             |     1 |     2 ||     3
Armor: Robe              |     6 |       ||     6
Dodge: Dodged            |    25 |    11 ||    36

Table legend:
 A = Non-vault XP
 B = Vault XP
 C = Vault XP percentage of total XP
 D = Non-vault monster count
 E = Vault monster count
 F = Vault count percentage of total count
                 A         B        C        D         E       F
            +---------+---------+-------+---------+---------+-------
      Total |      82 |      71 |  46.4 |      37 |       2 |   5.1
            +---------+---------+-------+---------+---------+-------
        D:1 |      50 |       0 |   0.0 |      29 |       0 |   0.0
        D:2 |      32 |      71 |  68.9 |       8 |       2 |  20.0
            +---------+---------+-------+---------+---------+-------
